[Event "FIDE World School-ch G-15 2025"]
[Site "Vrnjacka Banja"]
[Date "2025.03.22"]
[Round "4.1"]
[White "Ferrer Naranjo, Liennys"]
[Black "Japparbekova, Malika"]
[Result "1/2-1/2"]
[Annotator "NA RC"]
[ECO "B93"]
[WhiteElo "1950"]
[BlackElo "1878"]
[PlyCount "90"]
[EventDate "2025.03.19"]
[EventType "swiss"]
[EventCountry "SRB"]
[SourceTitle "playchess.com"]
[Source "ChessBase"]
[SourceQuality "1"]
[TimeControl "5400+30"]

1. e4 c5 2. Nf3 d6 3. d4 cxd4 4. Nxd4 Nf6 5. Nc3 a6 6. f4 e5 7. Nf3 Nbd7 8. a4 Qc7 9. Bd3 Be7 10. O-O O-O 11. Kh1 b6 12. Qe1 Bb7 13. Nh4 Rfe8 14. Nf5 Bf8 15. Qg3 Kh8 16. fxe5 dxe5 17. Bg5 Re6 18. Qh3 Rc8 19. Ne3 Bc5 20. Ncd5 Qc6 21. Nxf6 Nxf6 22. Nd5 Rce8 23. Bxf6 gxf6 24. Qf5 Be7 25. Rf3 Rg8 26. Nxe7 Rxe7 27. Qxf6+ Qxf6 28. Rxf6 Rg6 29. Raf1 Kg7 30. Rxg6+ hxg6 31. g4 f6 32. Kg1 Rd7 33. Re1 Kh6 34. Kf2 Rd4 35. b3 a5 36. Ke3 Kg5 37. Rf1 Rd6 38. h3 Kh4 39. Rf3 Bc6 40. Kf2 Bb7 41. Re3 Bc6 42. Ke2 Bb7 43. c3 Bc6 44. Rf3 Bb7 45. Ke3 Bc6 1/2-1/2

[Event "FIDE World School-ch G-15 2025"]
[Site "Vrnjacka Banja"]
[Date "2025.03.22"]
[Round "4.2"]
[White "Imomkuzieva, Nilufarkhon"]
[Black "Preobrazhenskaya, Diana"]
[Result "1-0"]
[Annotator "NA RC"]
[ECO "B90"]
[WhiteElo "1983"]
[BlackElo "2032"]
[PlyCount "113"]
[EventDate "2025.03.19"]
[EventType "swiss"]
[EventCountry "SRB"]
[SourceTitle "playchess.com"]
[Source "ChessBase"]
[SourceQuality "1"]
[TimeControl "5400+30"]

1. e4 c5 2. Nf3 d6 3. d4 cxd4 4. Nxd4 Nf6 5. Nc3 a6 6. h3 e5 7. Nde2 h5 8. g3 Be7 9. Bg2 b5 10. Nd5 Nxd5 11. Qxd5 Ra7 12. Be3 Rb7 13. O-O-O Nd7 14. f4 Nb6 15. Qc6+ Qd7 16. Qxd7+ Bxd7 17. Nc3 Nc4 18. Bf2 h4 19. Nd5 hxg3 20. Bxg3 Bh4 21. Bh2 f6 22. Bg1 a5 23. b3 Na3 24. Kb2 b4 25. Bb6 a4 26. c4 Bc6 27. Be3 Kf7 28. f5 Ra8 29. Bf3 Rh8 30. Rd3 Bg5 31. Bxg5 fxg5 32. Nxb4 Nxc4+ 33. bxc4 Rxb4+ 34. Kc3 Rhb8 35. Rxd6 Rb2 36. Rxc6 Rxa2 37. Bh5+ Ke7 38. c5 Rb3+ 39. Kc4 Rc2+ 40. Kd5 a3 41. Rd1 Rb8 42. Rc7+ Kf8 43. Ra1 a2 44. Kc6 g4 45. hxg4 Rb1 46. Kd6 g6 47. Bxg6 Rxa1 48. f6 Rd1+ 49. Ke6 Rd8 50. Rf7+ Kg8 51. Rg7+ Kf8 52. Rh7 Kg8 53. f7+ Kf8 54. Rh8+ Kg7 55. Rxd8 Rf2 56. Bf5 Rxf5 57. gxf5 1-0

[Event "FIDE World School-ch G-15 2025"]
[Site "Vrnjacka Banja"]
[Date "2025.03.22"]
[Round "4.3"]
[White "Torres Ccahuay, Dayana Nievevska"]
[Black "Assylkhan, Asiya"]
[Result "1/2-1/2"]
[Annotator "TA"]
[ECO "B02"]
[WhiteElo "1840"]
[BlackElo "1969"]
[PlyCount "206"]
[EventDate "2025.03.19"]
[EventType "swiss"]
[EventCountry "SRB"]
[SourceTitle "playchess.com"]
[Source "ChessBase"]
[SourceQuality "1"]
[TimeControl "5400+30"]

1. e4 Nf6 2. Bc4 Nxe4 3. Bxf7+ Kxf7 4. Qh5+ Kg8 5. Qd5+ e6 6. Qxe4 {[%emt 0:00:05] B02: Alekhine's Defence: Chase Variation and lines with early Nc3.} d5 7. Qe2 Nc6 {[%emt 0:00:07] Wards off d4} 8. Nf3 {[%emt 0:00:30] [#] Black is better. Dodges Nd4} e5 $1 9. d3 Bg4 10. h3 $146 (10. c3 h6 11. O-O Qf6 12. Nbd2 Re8 13. h3 Bh5 14. Re1 Kh7 15. g4 Bg6 16. Nf1 {1-0 Prokopets,V (1582)-Pech,J (1625) LSS No Engine Cup 188 Preliminary 0 2019}) 10... Nd4 11. Qd1 ({Only move:} 11. Qxe5 $15 Nxf3+ (11... Nxc2+ 12. Kd1 $16) 12. gxf3) 11... Nxf3+ $19 12. gxf3 {[%emt 0:00:09] [#]} Bh5 13. Rg1 Qf6 14. Bg5 Qf5 (14... Qxf3 15. Qxf3 Bxf3 16. Rg3) 15. Qd2 $2 (15. Nd2) 15... Bxf3 16. Rg3 Re8 {[%emt 0:03:01][%cal Oh7h6] White is weak on the light squares} 17. Kf1 Bd6 (17... h6 $142 18. Qe3 Bh1 (18... Bh5 19. Bxh6 e4 20. Qg5 $19) 19. Bxh6 Qh5) 18. Bh6 Re7 19. Qg5 Qxg5 20. Bxg5 Rf7 21. Nd2 Bh5 {[%emt 0:01:26] A strong pair of Bishops.} 22. Rg2 h6 23. Bh4 Kh7 24. Kg1 Rhf8 25. Re1 e4 26. Bg3 Bxg3 27. fxg3 exd3 28. cxd3 Bg6 29. d4 Bd3 30. Re5 c6 31. g4 g5 32. Rg3 Bg6 33. Rge3 Kg7 34. Re7 Rxe7 35. Rxe7+ Rf7 36. Rxf7+ (36. Re3 $17) 36... Kxf7 $17 {[%emt 0:00:48][%mdl 4096] Endgame KB-KN. Black is a pawn up.} ({Don't do} 36... Bxf7 37. b4 $17) 37. Nf3 Ke6 38. b4 Be4 (38... Bb1 $19 39. a4 b6) 39. Ne5 Kf6 40. Kf2 Bg6 41. a3 Be8 42. Ke3 (42. Kg3 $142) 42... b6 43. Nd3 Ke6 44. Kf2 Ke7 (44... Bf7 $142 45. Ke3 Bg8) 45. Ne5 (45. Kg3 $142) 45... Kd6 46. Nd3 Ke6 (46... Bf7 $142 47. Ke2 Be6) 47. Ke3 Kf6 48. Kf2 h5 49. Kf3 hxg4+ 50. hxg4 Ke7 51. Ke3 Kd6 52. Kf3 Ke6 (52... Bf7 $17) 53. Ke3 a6 54. Kf2 {[%emt 0:00:41] The position is equal.} Ke7 55. Ke3 Ke6 56. Kf2 Kd6 57. Ke3 Bd7 58. Kf3 Bc8 59. Kg3 Ke6 60. Kf3 Kd6 61. Kg3 Ke7 62. Kf3 Kd6 63. Kg3 Ke6 64. Kf3 Bd7 65. Kg3 Be8 66. Kf2 Kd6 67. Ke3 Ke7 68. Kf2 Kf7 69. Kg3 Kf6 70. Kf2 Ke6 71. Ke3 Kd6 72. Kf2 Bd7 73. Kg3 Bc8 74. Kf3 Bd7 75. Kg3 $1 Be8 76. Kf2 Bf7 77. Kg3 Bg8 78. Kf2 Be6 79. Kf3 Bc8 80. Kg3 Be6 81. Kf3 Bd7 82. Kg3 $1 Ke7 83. Kf3 Be8 84. Kf2 Kd6 85. Kg3 Ke7 86. Kf2 Ke6 87. Ke3 Bg6 {[%emt 0:00:14] ...Bxd3 is the strong threat.} 88. Ne5 Be8 89. Nd3 Kd6 90. Kf2 Bd7 91. Kg3 Be8 92. Kf2 Ke6 93. Kg3 Kf6 94. Kf2 Ke6 95. Kg3 Kd6 96. Kf2 Ke6 97. Kg3 Bd7 98. Kf2 Kd6 99. Kf3 Be8 100. Ke3 Bf7 101. Kf2 Ke6 102. Kg3 Bg8 103. Kf2 Bf7 {[%emt 0:01:27] And White is the lucky defender.   Weighted Error Value: White=0.21 (precise) /Black=0.20 (precise)   Mistake:       	White=5     	Black=5      Inaccurate:     	White=3     	Black=4      OK:         	White=45    	Black=26     Best:        	White=3     	Black=2      Strong:       	White=2     	---        Brilliant:      	---       	Black=1} 1/2-1/2

[Event "FIDE World School-ch G-15 2025"]
[Site "Vrnjacka Banja"]
[Date "2025.03.22"]
[Round "4.4"]
[White "Aldea, Maria-Antonia"]
[Black "Biro, Beata"]
[Result "1-0"]
[Annotator "TA"]
[ECO "E08"]
[WhiteElo "1954"]
[BlackElo "1877"]
[PlyCount "127"]
[EventDate "2025.03.19"]
[EventType "swiss"]
[EventCountry "SRB"]
[SourceTitle "playchess.com"]
[Source "ChessBase"]
[SourceQuality "1"]
[TimeControl "5400+30"]

1. c4 c6 2. Nf3 d5 3. g3 Nf6 4. Bg2 e6 5. Qc2 Be7 6. O-O O-O 7. d4 Nbd7 8. Rd1 Ne4 9. Nfd2 {[%emt 0:04:06] E08: Closed Catalan: Main Line: 7 Qc2.} f5 10. f3 Nef6 11. Nc3 {[%emt 0:04:42] The position is equal.} Qe8 $146 (11... b6 12. b3 Bb7 13. Bb2 Rc8 14. Rac1 c5 15. e3 Qe8 16. Ne2 Bd6 17. Qd3 Qf7 {1-0 Srebrnic,V (2201)-Elez,S (2136) Senta op-A 14th 2010 (7)}) 12. e4 (12. cxd5 $14 Nxd5 13. Nc4) 12... fxe4 $15 13. fxe4 Ng4 14. Nf3 e5 15. cxd5 exd4 16. Nxd4 Bc5 17. dxc6 bxc6 {[%emt 0:01:32] Threatens to win with ...Rf2.} 18. Na4 Qh5 19. h4 {[%emt 0:02:49] and Nxc5 would now be decisive} (19. h3 $5 Bxd4+ 20. Rxd4 $16) 19... Nf2 $2 (19... Bxd4+ $11 20. Rxd4 Rb8) 20. Rd2 $2 ({White must play} 20. Nxc5 $1 $18 Qxd1+ 21. Qxd1 Nxd1 22. Nd3 (22. Nce6 Rf2 $18)) 20... Bxd4 $11 21. Qc4+ $1 Kh8 $1 22. Qxd4 Ng4 {[%emt 0:01:51] [#]} (22... Nh3+ $1 $11 23. Bxh3 Ne5) 23. b3 $1 $36 {[%emt 0:04:57][%mdl 2048] Black is under strong pressure.} Nge5 {[%emt 0:06:26] [#]} 24. Bb2 (24. Rf2 $1 $16 ) 24... Qg4 $1 $14 25. Rf2 (25. Qd6 $16 Qxg3 26. Bxe5 Qxe5 27. Rc1) 25... Ba6 26. Ba3 {[%emt 0:04:58] A strong pair of Bishops.} Rxf2 27. Qxf2 Bd3 ({Black should try} 27... c5 $1 $14 28. Bxc5 (28. Nxc5 $2 Rf8 $19) 28... Nd3) 28. Re1 h6 29. Nc3 (29. Qf4 $142) 29... Ba6 30. Re3 ({Better is} 30. Qf4 $16) 30... Qg6 (30... Nf6 $14) 31. Bh3 $16 Nf6 32. Qf5 {[%emt 0:02:20] Against Neg4} Re8 (32... Qf7 $16) 33. Qxg6 Nxg6 34. Bc5 (34. e5 $18) 34... Ne5 35. Bxa7 Kg8 (35... Rd8 $16) 36. Bd4 $18 Kf7 (36... Nfg4 $142) 37. Bxe5 Rxe5 38. Kf2 c5 39. Ke1 Ke7 40. Kd2 Kd6 41. Bg2 h5 42. Re1 Bb7 43. a4 Kc7 {[%emt 0:01:02] [#]} 44. Nd5+ $1 Kd6 (44... Kb8 45. Nxf6) 45. Nxf6 gxf6 {[%emt 0:00:02][%mdl 4096] Endgame KRB-KRB. White is two pawns up.} 46. Bf3 Kc7 47. Re3 Kb6 48. Rd3 Ka5 49. Rd6 f5 (49... Bxe4 {was necessary.} 50. Bxe4 (50. Rxf6 Bxf3 51. Rxf3 Kb4 $16) 50... Rxe4 51. Rxf6 Rb4) 50. Bxh5 f4 51. Bf3 ({Inferior is} 51. gxf4 Rxh5 52. e5 Rxh4 $11) 51... fxg3 52. Rg6 Bxe4 53. Rxg3 Bh7 54. Rg7 {[%emt 0:00:37] Dodges Re7} Bf5 (54... Be4 $142 55. Bxe4 Rxe4 56. Ra7+ Kb6) 55. Rg5 Kb4 56. Bg4 Rd5+ 57. Kc1 Be4 58. Rxd5 {[%emt 0:00:19] White mates.} Bxd5 {[%emt 0:00:01] KB-KB. White is two pawns up.} 59. Bd1 Be4 60. Kd2 c4 61. bxc4 Kxc4 62. Ke3 Bg6 63. h5 Bh7 64. Kf4 {[%emt 0:00:35] Weighted Error Value: White=0.21 (precise) /Black=0.43  Loses game:     	---       	Black=1      Missed win:     	White=1     	---        Mistake:       	White=6     	Black=8      Inaccurate:     	White=2     	Black=3      OK:         	White=21    	Black=12     Best:        	White=2     	Black=3      Strong:       	White=1     	Black=2} (64. h6 $142 Kb4 65. Kf4 Ka5 66. Kg5 Bd3 67. Bg4 Bh7 68. Bf5 Bg8 69. Kf6 (69. h7 Bxh7 70. Bxh7 Kxa4 $11) 69... Kxa4 70. Kg7) 1-0

[Event "FIDE World School-ch G-15 2025"]
[Site "Vrnjacka Banja"]
[Date "2025.03.22"]
[Round "4.5"]
[White "Leisle, Darya"]
[Black "Aadya Gupta"]
[Result "1/2-1/2"]
[Annotator "NA RC"]
[ECO "C54"]
[WhiteElo "1750"]
[BlackElo "1928"]
[PlyCount "56"]
[EventDate "2025.03.19"]
[EventType "swiss"]
[EventCountry "SRB"]
[SourceTitle "playchess.com"]
[Source "ChessBase"]
[SourceQuality "1"]
[TimeControl "5400+30"]

1. e4 e5 2. Nf3 Nc6 3. Bc4 Bc5 4. c3 Nf6 5. d4 exd4 6. e5 d5 7. Bb5 Ne4 8. cxd4 Bb6 9. Nc3 Bg4 10. Be3 O-O 11. h3 Bh5 12. Qc2 Bg6 13. Qb3 Ne7 14. O-O Bh5 15. Be2 c6 16. Qc2 Nxc3 17. bxc3 Qc8 18. Nh4 Bxe2 19. Qxe2 Nf5 20. Nxf5 Qxf5 21. f4 f6 22. Rae1 Rae8 23. Kh1 Ba5 24. Bd2 Qc8 25. Qd3 f5 26. Bc1 Qe6 27. Rf3 Rf7 28. Rg1 g6 1/2-1/2

[Event "FIDE World School-ch G-15 2025"]
[Site "Vrnjacka Banja"]
[Date "2025.03.22"]
[Round "4.6"]
[White "Zarkym, Ailin"]
[Black "Ashotia, Barbare"]
[Result "1-0"]
[Annotator "NA RC"]
[ECO "B57"]
[WhiteElo "1763"]
[BlackElo "1895"]
[PlyCount "53"]
[EventDate "2025.03.19"]
[EventType "swiss"]
[EventCountry "SRB"]
[SourceTitle "playchess.com"]
[Source "ChessBase"]
[SourceQuality "1"]
[TimeControl "5400+30"]

1. e4 c5 2. Nf3 a6 3. Nc3 b5 4. d4 cxd4 5. Nxd4 Bb7 6. a3 e6 7. Bd3 Nc6 8. Nb3 Nf6 9. f4 d6 10. O-O Be7 11. Qf3 O-O 12. Be3 Qc7 13. Rad1 Nd7 14. Qh3 Nc5 15. Nxc5 dxc5 16. e5 h6 17. f5 Nxe5 18. Bxh6 gxh6 19. f6 Bxf6 20. Rxf6 Rfd8 21. Rxh6 Kf8 22. Rh8+ Ke7 23. Qh4+ f6 24. Rh7+ Nf7 25. Rxf7+ Kxf7 26. Qh7+ Kf8 27. Qxc7 1-0